Map: Habitation Station LE (Void)

Players

Thor

  • Race: Terran Terran
  • League: Master
  • Spawn Location: 1:00

Maplez - Winner!

  • Race: Protoss Protoss
  • League: Master
  • Spawn Location: 11:00

VOD

Have the link to the VOD?

Description

Time

  • Played on: Nov. 22, 2016, 8:57 p.m.
  • Length: 5:26
Show
View Real Time Build Order
Export as new Build Order

Thor Terran 

Build Orders: Cyclone Opening 

Get SALT Encoding   

  12  0:00  SCV  
  13  0:13  SCV  
  14  0:17  Supply Depot  
  14  0:25  SCV  
  15  0:39  SCV  
  15  0:40  Barracks  
  16  0:46  Refinery  
  16  0:51  SCV  
  17  1:03  SCV  
  18  1:15  SCV  
  19  1:30  Orbital Command  
  19  1:31  Marine  
  20  1:36  Supply Depot  
  20  1:50  Factory  
  20  1:57  SCV  
  21  2:10  SCV  
  21  2:12  Command Center  
  22  2:23  SCV  
  23  2:33  Cyclone  
  23  2:35  SCV  
  27  2:37  Supply Depot  
  27  2:47  Barracks Reactor, Refinery, SCV  
  28  2:59  SCV  
  28  3:11  SCV  
  28  3:21  Starport  
  28  3:23  SCV  
  28  3:25  Factory Tech Lab  
  28  3:26  Marine x2  
  31  3:34  Engineering Bay, Orbital Command  
  31  3:35  SCV  
  32  3:44  Marine x2  
  32  3:48  SCV  
  35  3:49  Siege Tank  
  38  4:00  SCV  
  38  4:02  Missile Turret  
  39  4:10  Marine x2  
  39  4:12  SCV  
  42  4:20  SCV  
  42  4:21  Siege Tank  
  43  4:24  SCV  
  43  4:32  SCV  
  44  4:41  Marine x2  
  44  4:43  SCV  
  47  4:49  SCV  
  47  4:51  Refinery  
  47  4:52  Refinery, Supply Depot  
  48  4:53  Supply Depot, Siege Tank  
  48  4:55  SCV  
  52  5:01  SCV  
  53  5:07  SCV  
  53  5:10  Missile Turret  
  54  5:15  Supply Depot  
Show
View Real Time Build Order
Export as new Build Order

Maplez Protoss - Winner!

Build Orders: 1 Gate Expand, Phoenix Opening 

Get SALT Encoding   

  12  0:01  Probe (Chrono Boost)  
  13  0:11  Probe (Chrono Boost)  
  14  0:18  Pylon  
  14  0:22  Probe (Chrono Boost)  
  15  0:37  Gateway, Probe (Chrono Boost)  
  16  0:47  Probe (Chrono Boost)  
  16  0:48  Assimilator  
  17  0:58  Probe (Chrono Boost)  
  18  1:08  Probe (Chrono Boost)  
  19  1:19  Probe (Chrono Boost)  
  20  1:26  Nexus  
  20  1:32  Cybernetics Core  
  20  1:35  Probe (Chrono Boost)  
  21  1:41  Assimilator  
  21  1:45  Probe (Chrono Boost)  
  22  1:51  Pylon  
  22  1:56  Probe (Chrono Boost)  
  22  2:06  Adept  
  22  2:08  Probe (Chrono Boost)  
  23  2:09  Warp Gate  
  25  2:20  Probe (Chrono Boost)  
  26  2:27  Stargate  
  26  2:31  Adept  
  26  2:32  Probe (Chrono Boost)  
  29  2:39  Probe (Chrono Boost)  
  29  2:43  Probe (Chrono Boost)  
  31  2:49  Probe (Chrono Boost)  
  32  2:51  Gateway  
  32  2:53  Probe (Chrono Boost)  
  33  3:08  Phoenix  
  36  3:13  Probe x2 (Chrono Boost)  
  36  3:19  Pylon  
  35  3:21  Gateway  
  35  3:25  Probe (Chrono Boost)  
  35  3:26  Mothership Core (Chrono Boost)  
  38  3:29  Phoenix  
  40  3:40  Probe (Chrono Boost)  
  41  3:44  Probe (Chrono Boost)  
  41  3:47  Pylon  
  42  3:52  Probe (Chrono Boost), Phoenix  
  42  3:55  Probe (Chrono Boost)  
  47  4:04  Probe (Chrono Boost)  
  47  4:08  Probe (Chrono Boost)  
  48  4:16  Probe (Chrono Boost)  
  49  4:19  Probe (Chrono Boost)  
  49  4:22  Phoenix  
  50  4:26  Nexus  
  50  4:28  Probe (Chrono Boost)  
  50  4:29  Nexus  
  53  4:32  Pylon  
  53  4:35  Probe (Chrono Boost)  
  53  4:38  Assimilator  
  54  4:39  Assimilator  
  54  4:43  Adept  
  54  4:44  Adept  
  58  4:52  Adept  
  60  4:53  Phoenix  
  62  5:00  Robotics Facility  
  62  5:09  Pylon, Adept x2  
  67  5:15  Probe (Chrono Boost)  
Tags
 
Add a new tag
Caveats
  • Supply blocks, unpowered buildings, or Contaminate may cause inaccurate times.
  • Supply counts are checked every 10 seconds.